[Event "Team 45 45 League T70"]
[Site "Internet Chess Club"]
[Date "2016.10.28"]
[Round "8"]
[White "room-matt"]
[Black "MikeTtheGuru"]
[Result "1/2-1/2"]
[WhiteElo "1919"]
[BlackElo "1983"]
[Opening "Caro-Kann: Goldman (Spielmann) variation"]
[ECO "B11"]
[Time "10:56:32"]
[TimeControl "2700+45"]

1. e4 c6 2. Nc3 d5 3. Qf3 d4 4. Bc4 Nh6 5. Nce2 a5 6. a4 Bg4 7. Bxf7+ Nxf7 8.
Qxg4 e5 9. Nf3 Na6 10. c4 Nb4 11. O-O Qf6 12. Ng3 g6 13. b3 Nc2 14. Rb1 Bh6 15.
Bb2 O-O 16. h4 Kh8 17. Rbc1 Nb4 18. Ba3 c5 19. Rcd1 Nd3 20. Ne1 Nxe1 21. Rfxe1
b6 22. Rf1 Nd8 23. d3 Ne6 24. Bb2 Rf7 25. Ne2 Raf8 26. Bc1 Bxc1 27. Rxc1 h6 28.
g3 h5 29. Qh3 g5 30. Qh2 g4 31. Rc2 Qf3 32. Nc1 Nc7 {Game drawn by mutual
agreement} 1/2-1/2

[Event "Team 45 45 League T70"]
[Site "Internet Chess Club"]
[Date "2016.10.28"]
[Round "8"]
[White "jjimalo"]
[Black "fishhead"]
[Result "1-0"]
[WhiteElo "1843"]
[BlackElo "1789"]
[Opening "Queen's Indian: Nimzovich variation (exaggerated fianchetto)"]
[ECO "E15"]
[Time "11:03:20"]
[TimeControl "2700+45"]

1. d4 Nf6 2. c4 e6 3. Nf3 b6 4. g3 Ba6 5. Qc2 Be7 6. Bg2 O-O 7. O-O d5 8. cxd5
exd5 9. Nc3 c6 10. Ne5 Nfd7 11. Nxd7 Nxd7 12. Rd1 Re8 13. Bf4 Nf6 14. e4 dxe4
15. Nxe4 Bb7 16. Rac1 Nd5 17. Bd2 Qd7 18. a3 Rac8 19. Qd3 f5 20. Nc3 Nf6 21. Bf4
g6 22. b4 Bd6 23. Bxd6 Qxd6 24. Re1 Kg7 25. Rxe8 Rxe8 26. Qc4 Ne4 27. Nxe4 fxe4
28. Re1 Qd5 29. Qc3 Ba6 30. f3 e3 31. Rxe3 Rxe3 32. Qxe3 Kf6 33. f4 Qc4 34. h4
Qc2 35. Qe5+ Kf7 36. d5 Bc8 37. Qc7+ {Black resigns} 1-0

[Event "Team 45 45 League T70"]
[Site "Internet Chess Club"]
[Date "2016.10.28"]
[Round "8"]
[White "Goli"]
[Black "pishd"]
[Result "1/2-1/2"]
[WhiteElo "1800"]
[BlackElo "1763"]
[Opening "French: exchange variation"]
[ECO "C01"]
[Time "11:34:25"]
[TimeControl "2700+45"]

1. e4 e6 2. d4 d5 3. exd5 exd5 4. Bd3 Nc6 5. Ne2 Nb4 6. Nbc3 c6 7. a3 Nxd3+ 8.
Qxd3 Bd6 9. Bf4 Bxf4 10. Nxf4 Ne7 11. O-O-O Bf5 12. Qe3 O-O 13. Rde1 Re8 14. f3
Ng6 15. Qxe8+ Qxe8 16. Rxe8+ Rxe8 17. Nxg6 {Game drawn by mutual agreement}
1/2-1/2

[Event "Team 45 45 League T70"]
[Site "Internet Chess Club"]
[Date "2016.10.27"]
[Round "8"]
[White "XNPchess"]
[Black "Knight77"]
[Result "1-0"]
[WhiteElo "2044"]
[BlackElo "1831"]
[Opening "King's Indian: London system"]
[ECO "A48"]
[Time "19:02:19"]
[TimeControl "2700+45"]

1. d4 Nf6 2. Nf3 g6 3. Bf4 Bg7 4. e3 d6 5. Bc4 O-O 6. O-O Nbd7 7. Nbd2 Nh5 8.
Bg5 h6 9. Bh4 Nhf6 10. e4 e5 11. c3 Re8 12. Qb3 Qe7 13. h3 Nf8 14. dxe5 dxe5 15.
Bg3 Nh5 16. Bxe5 c6 17. Bd6 Qxd6 18. Bxf7+ Kh7 19. Bxe8 Be6 20. Qxb7 Rxe8 21.
Qxa7 Re7 22. Qe3 g5 23. Rfd1 Nf4 24. a4 c5 25. a5 Qb8 26. Qxc5 Rc7 27. Qd6 N8g6
28. a6 Bf8 29. Qxc7+ {Black resigns} 1-0

[Event "Team 45 45 League T70"]
[Site "Internet Chess Club"]
[Date "2016.10.28"]
[Round "8"]
[White "Capt-Morgan"]
[Black "vjbaker"]
[Result "1-0"]
[WhiteElo "1903"]
[BlackElo "1808"]
[Opening "Nimzo-Indian: classical variation"]
[ECO "E32"]
[Time "19:00:44"]
[TimeControl "2700+45"]

1. d4 Nf6 2. c4 e6 3. Nc3 Bb4 4. Qc2 O-O 5. Nf3 b6 6. Bg5 Bb7 7. e3 h6 8. Bh4 g5
9. Bg3 Ne4 10. Nd2 f5 11. f3 Nf6 12. h4 g4 13. Bf4 Kh7 14. O-O-O Bd6 15. Bxd6
cxd6 16. e4 Nc6 17. d5 Nd4 18. Qd3 e5 19. exf5 b5 20. cxb5 Bxd5 21. fxg4 Rc8 22.
Kb1 Qa5 23. Nxd5 Nxd5 24. Nb3 Qa4 25. f6+ Kh8 26. Nxd4 exd4 27. g5 Rc3 28. Qe2
Rfc8 29. f7 Re3 30. Qd2 Re4 31. gxh6 Rc3 32. f8=Q+ Kh7 33. Qg7# {Black
checkmated} 1-0

[Event "Team 45 45 League T70"]
[Site "Internet Chess Club"]
[Date "2016.10.28"]
[Round "8"]
[White "ausya"]
[Black "IshanR"]
[Result "0-1"]
[WhiteElo "1671"]
[BlackElo "1892"]
[Opening "Sicilian: Alapin's variation (2.c3)"]
[ECO "B22"]
[Time "19:36:11"]
[TimeControl "2700+45"]

1. e4 c5 2. c3 Nf6 3. e5 Nd5 4. d4 cxd4 5. cxd4 d6 6. Nf3 Nc6 7. Bc4 Nb6 8. Bb5
dxe5 9. Nxe5 Bd7 10. Bxc6 Bxc6 11. Nxc6 bxc6 12. Be3 g6 13. Nd2 Bg7 14. Nb3 O-O
15. O-O Nd5 16. Rc1 Qb6 17. Qd2 Rfd8 18. Rc5 a5 19. Nxa5 Nxe3 20. fxe3 Qxc5 21.
Nb7 Qd5 22. Nxd8 Qxd8 23. b4 Qd5 24. Ra1 e5 25. a4 exd4 26. Ra3 dxe3 27. Qe2 Qd2
28. Rxe3 Qxe2 29. Rxe2 Rxa4 30. Rc2 Ra6 31. Kf2 Bf8 32. Rc4 f6 33. Ke3 Kf7 34.
h3 Ke6 35. Kd3 Ra3+ 36. Kd4 Kd7 37. Ke4 Rb3 38. Rc2 Rxb4+ 39. Kf3 Bd6 40. Ra2
Rb7 41. Rd2 c5 42. Ke4 Kc6 43. Rc2 Re7+ 44. Kd3 Kd5 45. Rc1 c4+ 46. Rxc4 Re3+
47. Kxe3 Kxc4 48. Ke4 f5+ 49. Ke3 Be5 50. Ke2 Kd4 51. Kf3 Bc7 52. Kf2 Ke4 53.
Ke2 Kf4 54. Kf1 Kg3 55. Kg1 h5 56. Kh1 g5 57. Kg1 g4 58. hxg4 hxg4 59. Kh1 f4
60. Kg1 f3 61. gxf3 gxf3 62. Kh1 Bd8 63. Kg1 f2+ 64. Kf1 Be7 65. Ke2 Kg2 66. Ke3
f1=Q 67. Ke4 Qf6 68. Kd5 Qf4 69. Ke6 Kf3 70. Kxe7 Qf5 71. Kd6 Ke4 72. Ke7 Ke5
73. Kd8 Qh7 74. Kc8 Kd6 75. Kb8 Kc6 76. Ka8 Qb7# {White checkmated} 0-1

[Event "Team 45 45 League T70"]
[Site "Internet Chess Club"]
[Date "2016.10.26"]
[Round "8"]
[White "cityprosecutor"]
[Black "Elton2013"]
[Result "0-1"]
[WhiteElo "1723"]
[BlackElo "1812"]
[Opening "Scotch: Göring gambit"]
[ECO "C44"]
[Time "18:00:11"]
[TimeControl "2700+45"]

1. e4 e5 2. Nf3 Nc6 3. d4 exd4 4. c3 d5 5. exd5 Qxd5 6. cxd4 Bg4 7. Be2 O-O-O 8.
Nc3 Bb4 9. O-O Qa5 10. Be3 Nf6 11. Rc1 Rhe8 12. a3 Bxc3 13. Rxc3 Nd5 14. Rd3 Bf5
15. b4 Qb6 16. Rb3 Kb8 17. Bc4 Be4 18. Ng5 Bg6 19. Qc1 Nxd4 20. Bxd5 Ne2+ 21.
Kh1 Nxc1 22. Bxb6 Nxb3 23. Bxc7+ Kxc7 24. Bxb3 Re7 25. Rc1+ Kb6 26. Nf3 Re2 27.
a4 a6 28. Kg1 Bh5 29. Bc4 Bxf3 30. gxf3 Rb2 31. a5+ Ka7 32. Bxf7 Rdd2 33. Rc7
Kb8 34. Re7 Rxb4 35. Kg2 Rbb2 36. Kg3 Rxf2 37. h4 Rg2+ 38. Kf4 Rb4+ 39. Ke3 Rxh4
40. Bd5 Rb4 41. f4 Rg1 42. Kf2 Rbb1 43. Rf7 Rgf1+ 44. Kg3 Rb2 45. Kg4 Rg1+ 46.
Kf3 Rb5 47. Be4 h6 48. Kf2 Rg4 49. Kf3 h5 50. Ke3 h4 51. Kd4 g5 52. Rf8+ Ka7 53.
Rf7 Rxf4 54. Re7 h3 55. Kd3 h2 56. Bh1 Rf1 {White resigns} 0-1

[Event "Team 45 45 League T70"]
[Site "Internet Chess Club"]
[Date "2016.10.29"]
[Round "8"]
[White "fledermaus"]
[Black "Pomberito"]
[Result "0-1"]
[WhiteElo "1908"]
[BlackElo "2088"]
[Opening "King's Indian: Kazakh variation"]
[ECO "E91"]
[Time "08:06:38"]
[TimeControl "2700+45"]

1. Nf3 Nf6 2. c4 g6 3. Nc3 Bg7 4. e4 d6 5. d4 O-O 6. Be2 Na6 7. Rb1 e5 8. d5 Nc5
9. Nd2 a5 10. b3 Bh6 11. Qc2 Bxd2+ 12. Bxd2 Nfxe4 13. Nxe4 Nxe4 14. Bc1 f5 15.
O-O f4 16. Bd3 Nc5 17. Bxg6 Qh4 18. Bd3 Nxd3 19. Qxd3 Bf5 20. Qc3 Bxb1 {White
resigns} 0-1

[Event "Team 45 45 League T70"]
[Site "Internet Chess Club"]
[Date "2016.10.28"]
[Round "8"]
[White "santiagoelawad"]
[Black "modiglani"]
[Result "1/2-1/2"]
[WhiteElo "2015"]
[BlackElo "1811"]
[Opening "English: Sicilian reversed"]
[ECO "A25"]
[Time "09:06:21"]
[TimeControl "2700+45"]

1. c4 e5 2. Nc3 Nc6 3. f3 Bc5 4. e3 d6 5. a3 a5 6. g3 f5 7. Nge2 Nf6 8. Bg2 O-O
9. O-O Qe8 10. Nd5 Nxd5 11. cxd5 Ne7 12. Nc3 Qf7 13. d4 exd4 14. exd4 Bb6 15. f4
Bd7 16. Be3 Rae8 17. Qd2 Kh8 18. Rae1 Ng8 19. Bf2 Nf6 20. h3 Rxe1 {Game drawn by
mutual agreement} 1/2-1/2

[Event "Team 45 45 League T70"]
[Site "Internet Chess Club"]
[Date "2016.10.29"]
[Round "8"]
[White "PolishRyszard"]
[Black "primerpaso"]
[Result "0-1"]
[WhiteElo "1782"]
[BlackElo "1846"]
[Opening "Sicilian: Smith-Morra gambit"]
[ECO "B21"]
[Time "16:04:10"]
[TimeControl "2700+45"]

1. e4 c5 2. d4 cxd4 3. c3 dxc3 4. Nxc3 Nc6 5. Nf3 e6 6. Bc4 Bb4 7. O-O Nge7 8.
Qc2 O-O 9. Rd1 Bxc3 10. bxc3 d5 11. Bd3 h6 12. a4 b6 13. Ba3 Bb7 14. c4 d4 15.
e5 Rc8 16. Qe2 Re8 17. Re1 Na5 18. Rad1 Bxf3 19. gxf3 Qd7 20. Bxe7 Rxe7 21. Qe4
g6 22. h4 Qc6 23. Qf4 h5 24. Re4 Qxa4 25. Rde1 Qd7 26. Rxd4 Qc7 27. Qf6 Rd7 28.
Ree4 Nb3 29. Rxd7 Qxd7 30. Be2 Nc5 31. Re3 Qd8 32. Qf4 Rc7 33. Qg3 Rd7 34. f4
Rd4 35. Ra3 a5 36. f3 Rd2 37. Qf2 Qd4 38. Qxd4 Rxd4 39. Kf2 Rxf4 40. Kg3 Rd4 41.
Ra2 Kf8 42. Rb2 Nd7 43. f4 f6 44. exf6 Kf7 45. Kf3 Kxf6 46. Ke3 Rd6 47. Bd3 e5
48. Rf2 exf4+ 49. Rxf4+ Kg7 50. Be2 Nc5 51. Rf1 Re6+ 52. Kd2 Ne4+ 53. Ke1 Ng3
{White resigns} 0-1

[Event "Team 45 45 League T70"]
[Site "Internet Chess Club"]
[Date "2016.10.30"]
[Round "8"]
[White "FrankNautilus"]
[Black "kllrchris"]
[Result "1-0"]
[WhiteElo "1665"]
[BlackElo "1703"]
[Opening "Sicilian: Alapin's variation (2.c3)"]
[ECO "B22"]
[Time "17:05:25"]
[TimeControl "2700+45"]

1. e4 c5 2. c3 d5 3. exd5 Qxd5 4. d4 g6 5. Nf3 Bg7 6. c4 Qe4+ 7. Be3 cxd4 8.
Nxd4 Nf6 9. Nc3 Qe5 10. Be2 O-O 11. O-O Nc6 12. Nxc6 bxc6 13. Bf3 Be6 14. Bxc6
Bxc4 15. Bxa8 Bxf1 16. Bf3 Bc4 17. Bxa7 Qc7 18. Be3 Rb8 19. Qc1 Rc8 20. Be2 Bxe2
21. Nxe2 Qb8 22. Nc3 Rc4 23. Qd2 Ng4 24. g3 Ne5 25. Kg2 e6 26. f3 Qa8 27. Qe2 h5
28. Kf2 Qb7 29. Rc1 f5 30. Bf4 Qb6+ 31. Kg2 Rb4 32. Bxe5 Bxe5 33. Qxe5 Rxb2+ 34.
Ne2 Qa6 35. Qxb2 {Black resigns} 1-0

[Event "Team 45 45 League T70"]
[Site "Internet Chess Club"]
[Date "2016.10.27"]
[Round "8"]
[White "SimplyAbed"]
[Black "andrew37"]
[Result "1-0"]
[WhiteElo "1847"]
[BlackElo "1736"]
[Opening "Queen's pawn game"]
[ECO "E00"]
[Time "20:05:15"]
[TimeControl "2700+45"]

1. d4 Nf6 2. c4 e6 3. a3 c5 4. Nf3 d5 5. cxd5 exd5 6. Nc3 cxd4 7. Nxd4 Nc6 8.
Nxc6 bxc6 9. e3 Bd6 10. Bd3 O-O 11. O-O Rb8 12. Qc2 h6 13. f4 Re8 14. b4 Bd7 15.
e4 Qb6+ 16. Kh1 dxe4 17. Nxe4 Nxe4 18. Bxe4 Qc7 19. Bb2 Bf8 20. Rae1 Kh8 21. Qc4
f5 22. Bb1 Rxe1 23. Rxe1 Re8 24. Rxe8 Bxe8 25. Ba2 Bf7 26. Qxf7 Qxf7 27. Bxf7 c5
28. b5 Bd6 29. g3 Kh7 30. Kg2 g5 31. fxg5 hxg5 32. a4 f4 33. gxf4 Bxf4 34. h3
Bd2 35. Kf3 Bb4 36. Kg4 Kh6 37. h4 gxh4 38. Kxh4 Ba5 39. Bf6 Bd2 40. Kg4 Ba5 41.
Kf5 c4 42. Bxc4 Bb6 43. Ke4 Kg6 44. Be5 Kg5 45. Bd4 Kg6 46. Bxb6 axb6 47. Kd5
Kf7 48. Kc6+ Ke7 49. Kxb6 Kd8 50. Kb7 {Black resigns} 1-0

[Event "Team 45 45 League T70"]
[Site "Internet Chess Club"]
[Date "2016.10.31"]
[Round "8"]
[White "QuieroAprender"]
[Black "Scorpius"]
[Result "1-0"]
[WhiteElo "1539"]
[BlackElo "1311"]
[Opening "Petrov: Cozio (Lasker) attack"]
[ECO "C42"]
[Time "22:00:14"]
[TimeControl "2700+45"]

1. e4 e5 2. Nf3 Nf6 3. Nxe5 d6 4. Nf3 Nxe4 5. Qe2 Qe7 6. d3 Nf6 7. Nc3 Nc6 8.
Bg5 Bg4 9. Bxf6 Bxf3 10. Qxe7+ Bxe7 11. Bxe7 {Black resigns} 1-0

[Event "Team 45 45 League T70"]
[Site "Internet Chess Club"]
[Date "2016.10.30"]
[Round "8"]
[White "Mitochondria"]
[Black "Innes"]
[Result "0-1"]
[WhiteElo "1611"]
[BlackElo "1600"]
[Opening "QGD"]
[ECO "D52"]
[Time "17:00:13"]
[TimeControl "2700+45"]

1. d4 d5 2. c4 c6 3. Nf3 Nf6 4. Nc3 e6 5. Bg5 Nbd7 6. e3 a6 7. Bd3 b5 8. cxd5
cxd5 9. O-O Bb7 10. e4 dxe4 11. Nxe4 Be7 12. Nxf6+ Nxf6 13. Rc1 h6 14. Bh4 O-O
15. Ne5 Qd5 16. Nf3 Rac8 17. b3 g5 18. Bg3 g4 19. Nh4 h5 20. f3 Rxc1 21. Qxc1
Qxd4+ 22. Bf2 Qxd3 23. Qg5+ Kh8 24. Qh6+ Qh7 25. Qg5 Rg8 26. Qe5 gxf3 27. g3 Qg7
28. Qc7 Nd5 29. Qxb7 Bxh4 30. Rd1 Bf6 31. Qxa6 h4 32. Qxb5 hxg3 33. hxg3 Be5 34.
Qd3 Qg4 35. Qc4 Qh3 36. Qf1 Rxg3+ 37. Bxg3 Qxg3+ {White resigns} 0-1

[Event "Team 45 45 League T70"]
[Site "Internet Chess Club"]
[Date "2016.10.27"]
[Round "8"]
[White "cityprosecutor"]
[Black "fishhead"]
[Result "0-1"]
[WhiteElo "1710"]
[BlackElo "1804"]
[Opening "Sicilian defense"]
[ECO "B20"]
[Time "18:03:19"]
[TimeControl "2700+45"]

1. e4 c5 2. d3 d6 3. g3 g6 4. Bg2 Bg7 5. Nd2 e5 6. Ngf3 Ne7 7. O-O Nbc6 8. a4
O-O 9. Nc4 d5 10. exd5 Nxd5 11. Re1 f6 12. c3 Re8 13. h4 Bg4 14. Qb3 Qd7 15.
Nfd2 Be6 16. Ne4 b6 17. Qc2 Rad8 18. Ned6 Re7 19. Bd2 Qc7 20. Nb5 Qb8 21. Rad1
Red7 22. Ne3 a6 23. Na3 b5 24. axb5 axb5 25. Nxd5 Bxd5 26. Bxd5+ Rxd5 27. Be3 b4
28. Nc4 Qb5 29. Qb3 Kh8 30. Qc2 e4 31. Nd2 exd3 32. Qc1 bxc3 33. bxc3 c4 34. Bf4
Ne5 35. Re4 f5 36. Re3 Ng4 37. Re6 Qc5 38. Rf1 Be5 39. Bxe5+ Rxe5 40. Rxe5 Nxe5
41. Kg2 Qd5+ 42. f3 Ra8 43. Qb2 h5 44. Ra1 Rxa1 45. Qxa1 Ng4 46. Qa7 Nf6 47. Qe7
Ng8 48. Qe8 Kg7 49. Kf2 Qc5+ 50. Kg2 Nf6 51. Qa8 Qe5 52. Qa7+ Kh6 53. Nxc4 Qe2+
54. Qf2 Nd5 55. Qxe2 dxe2 56. Kf2 Nxc3 57. Na5 g5 58. Nb3 f4 59. gxf4 gxh4 60.
f5 Kg5 61. f4+ Kxf4 62. f6 Ne4+ 63. Kxe2 Nxf6 64. Nd2 Kg3 65. Nf1+ Kg2 66. Ne3+
Kg1 67. Nf5 h3 68. Nh4 h2 69. Nf3+ Kg2 70. Nh4+ Kg3 71. Nf5+ Kf4 {White resigns}
0-1

[Event "Team 45 45 League T70"]
[Site "Internet Chess Club"]
[Date "2016.11.01"]
[Round "8"]
[White "kidcobra"]
[Black "elessar"]
[Result "1-0"]
[WhiteElo "1781"]
[BlackElo "1698"]
[Opening "Scandinavian: Pytel-Wade variation"]
[ECO "B01"]
[Time "16:01:07"]
[TimeControl "2700+45"]

1. e4 d5 2. exd5 Qxd5 3. Nc3 Qd6 4. d4 Nf6 5. h3 c6 6. Nf3 Nbd7 7. Bc4 e6 8. O-O
Be7 9. Ne2 Qc7 10. Bf4 Bd6 11. Bxd6 Qxd6 12. Ng3 O-O 13. Re1 b6 14. Bd3 Bb7 15.
c3 h6 16. Ne5 Rad8 17. f4 c5 18. Qd2 cxd4 19. Nxd7 Rxd7 20. Rad1 Qc5 21. c4 Qc7
22. b3 Rc8 23. Ne4 Nxe4 24. Bxe4 Rcd8 25. Bxb7 Qxb7 26. Qd3 Qc7 27. Re4 Rd6 28.
g3 a5 29. Rde1 Qd7 30. Re5 f6 31. Rb5 Rc8 32. g4 Rc5 33. a4 Qe7 34. Qe4 Rxb5 35.
axb5 d3 36. Rd1 d2 37. Kf2 Qd7 38. Ke2 Rd4 39. Qe3 Qb7 40. Qxd4 Qg2+ 41. Kd3
Qxh3+ 42. Kc2 Qxg4 43. Rxd2 h5 44. Qxb6 Qf5+ 45. Kb2 Qxf4 46. Qd4 Qg3 47. b6 h4
48. b7 Kh7 49. Qd3+ {Black resigns} 1-0

[Event "Team 45 45 League T70"]
[Site "Internet Chess Club"]
[Date "2016.10.29"]
[Round "8"]
[White "Hal2001"]
[Black "Fianchettoed"]
[Result "1/2-1/2"]
[WhiteElo "1566"]
[BlackElo "1661"]
[Opening "KP: Nimzovich defense"]
[ECO "B00"]
[Time "11:35:50"]
[TimeControl "2700+45"]

1. e4 Nc6 2. Nf3 d5 3. exd5 Qxd5 4. Nc3 Qa5 5. Bc4 Bg4 6. d3 e6 7. Bd2 O-O-O 8.
Nd5 Bb4 9. Nxb4 Nxb4 10. a3 Bxf3 11. gxf3 Qe5+ 12. Be3 Nd5 13. Bxd5 exd5 14. d4
Qe7 15. Qd2 Nh6 16. O-O-O Nf5 17. Bg5 f6 18. Rde1 Qd7 19. Bf4 Rhe8 20. Qc3 Nd6
21. h4 Nc4 22. Qd3 Qb5 23. Qc3 Qd7 24. Qd3 Qb5 {Game drawn by mutual agreement}
1/2-1/2

[Event "Team 45 45 League T70"]
[Site "Internet Chess Club"]
[Date "2016.10.31"]
[Round "8"]
[White "dabodhi"]
[Black "Constrictor"]
[Result "0-1"]
[WhiteElo "1332"]
[BlackElo "1592"]
[Opening "Alekhine's defense: Sämisch attack"]
[ECO "B02"]
[Time "17:04:45"]
[TimeControl "2700+45"]

1. e4 Nf6 2. e5 Nd5 3. Nc3 Nxc3 4. bxc3 d5 5. d4 Bf5 6. Bd3 Bxd3 7. cxd3 e6 8.
Rb1 Nd7 9. Nf3 Be7 10. O-O O-O 11. Bf4 b6 12. Qd2 c5 13. Bg5 cxd4 14. Bxe7 Qxe7
15. cxd4 Rfc8 16. Rfc1 Qd8 17. h3 Nf8 18. Qg5 Qxg5 19. Nxg5 Ng6 20. g3 Ne7 21.
Nf3 Kf8 22. Kf1 Rxc1+ 23. Rxc1 Rc8 24. Rxc8+ Nxc8 25. Ke2 Ke8 26. Ke3 Ne7 27. g4
Nc6 28. a3 h6 29. Nd2 b5 30. Nb3 b4 31. axb4 Nxb4 32. Kd2 Nc6 33. Kc3 Kd7 34.
Nc5+ Kc7 35. f4 Ne7 36. Kb4 Nc6+ 37. Kc3 Ne7 38. Kb4 g5 39. fxg5 hxg5 40. Kb5
Ng6 41. Na6+ Kd8 42. Nb4 Nf4 43. Ka6 Nxh3 44. Nc2 Nf2 45. Ne3 Nxd3 46. Kxa7 Kc7
47. Ka6 Nf4 48. Kb5 Nd3 49. Nc2 Nf2 50. Ne3 Kd7 51. Kb4 Ke7 52. Kc5 Kd7 53. Kb5
Ne4 54. Nc2 f6 55. exf6 Nxf6 56. Ne3 Kd6 57. Kb4 e5 58. Nf5+ Ke6 59. dxe5 Kxe5
60. Ne3 Ke4 61. Nd1 Nxg4 62. Nc3+ Kd4 63. Ne2+ Ke3 64. Ng3 Nf6 65. Nf1+ Kf2 66.
Nd2 g4 67. Kc3 g3 68. Kd4 g2 {White resigns} 0-1

[Event "Team 45 45 League T70"]
[Site "Internet Chess Club"]
[Date "2016.10.29"]
[Round "8"]
[White "mongmong"]
[Black "rkjulianjr"]
[Result "1/2-1/2"]
[WhiteElo "1500"]
[BlackElo "1343"]
[Opening "Colle system"]
[ECO "D05"]
[Time "07:32:05"]
[TimeControl "2700+45"]

1. d4 d5 2. Nf3 Nf6 3. e3 e6 4. Bd3 c5 5. c3 Nc6 6. Nbd2 Bd6 7. Qe2 Qc7 8. dxc5
Bxc5 9. O-O O-O 10. e4 b6 11. Re1 Rd8 12. h3 e5 13. Nb3 Be7 14. Bg5 h6 15. Bxf6
Bxf6 16. exd5 Rxd5 17. Rad1 Rd8 18. Nh2 g6 19. Bc2 Be6 20. Qf3 Bg7 21. Nc1 Rxd1
22. Rxd1 Rd8 23. Bb3 Rxd1+ 24. Qxd1 Qd7 25. Qxd7 Bxd7 26. f3 h5 27. Nd3 Bf5 28.
Nf2 Kf8 29. Bd5 Ne7 30. Be4 Be6 31. Bb1 Nd5 32. Ne4 Bh6 33. c4 Be3+ 34. Kf1 Nf4
35. b3 Bf5 36. Nc3 Nd3 37. Ke2 Bg1 38. Bxd3 Bxd3+ 39. Kxd3 Bxh2 40. g4 f5 41.
Nb5 a5 42. gxf5 gxf5 43. Nc3 Bg1 44. Nd5 Kf7 45. a3 Bc5 46. b4 axb4 47. axb4 Bf2
48. Ne3 Bxe3 49. Kxe3 Ke6 50. h4 Kd6 51. Kd3 Kc6 52. Ke3 Kd6 53. f4 Ke6 54. fxe5
Kxe5 55. Kf3 Kd4 56. c5 bxc5 57. bxc5 Kxc5 58. Kf4 Kd5 59. Kxf5 Kd6 60. Kg6 Ke6
61. Kxh5 Kf5 62. Kh6 Kf6 63. h5 Kf7 64. Kh7 Kf8 65. h6 Kf7 66. Kh8 Kf8 67. h7
Kf7 {White stalemated} 1/2-1/2

[Event "Team 45 45 League T70"]
[Site "Internet Chess Club"]
[Date "2016.10.29"]
[Round "8"]
[White "Toalla"]
[Black "guyd52"]
[Result "0-1"]
[WhiteElo "1211"]
[BlackElo "1347"]
[Opening "English opening"]
[ECO "A10"]
[Time "16:01:17"]
[TimeControl "2700+45"]

1. c4 g6 2. e3 Bg7 3. d4 d6 4. Nf3 Nf6 5. b4 Nbd7 6. Bb2 O-O 7. Bd3 Re8 8. Nc3
e5 9. dxe5 Nxe5 10. Nxe5 Rxe5 11. O-O Rg5 12. Ne4 Nxe4 13. Bxg7 Nxf2 14. Rxf2
Kxg7 15. Qf3 Qe7 16. Raf1 f5 17. e4 c6 18. exf5 Bxf5 19. Re2 Qf7 20. h4 Rg4 21.
Bxf5 gxf5 22. Qxf5 Qxf5 23. Re7+ Kf6 24. Rxf5+ Kxe7 {White resigns} 0-1

[Event "Team 45 45 League T70"]
[Site "Internet Chess Club"]
[Date "2016.10.31"]
[Round "8"]
[White "chips"]
[Black "tasawyer81"]
[Result "0-1"]
[WhiteElo "1170"]
[BlackElo "1132"]
[Opening "Queen's pawn game, Chigorin variation"]
[ECO "D02"]
[Time "22:27:08"]
[TimeControl "2700+45"]

1. Nf3 d5 2. d4 Nc6 3. e3 Nf6 4. g3 Bg4 5. Bg2 e5 6. dxe5 Nxe5 7. Nbd2 Bd6 8.
O-O Qd7 9. b3 O-O 10. Bb2 Qf5 11. a4 Ne4 12. Qe2 Nxd2 13. Qxd2 Nxf3+ 14. Bxf3
Qxf3 15. Qd4 f6 16. Qd1 Qxd1 17. Raxd1 Bxd1 18. Rxd1 c6 19. c4 Be5 20. Ba3 Rfe8
21. cxd5 cxd5 22. Rxd5 Rad8 23. Rc5 Bd6 24. Rb5 Bxa3 25. Rxb7 Re7 26. Rb5 a6 27.
Rb6 a5 28. Kg2 Red7 29. Kf3 Rd6 30. Rb5 Bb4 31. Ke4 Rd3 32. h3 Rxb3 33. Rb7 Ra3
34. Ra7 Rxa4 35. Ra6 Be1+ 36. Kf3 Ra2 37. Rc6 Rxf2+ 38. Kg4 f5+ 39. Kh4 f4 40.
Re6 fxg3 41. Kxg3 Rf6+ 42. Kg4 Rxe6 43. h4 a4 44. h5 a3 45. h6 gxh6 46. Kf3 a2
47. Ke2 a1=Q 48. Kf3 Qd1+ 49. Kg2 Rg6+ 50. Kf1 Bd2+ 51. Kf2 Qe1+ 52. Kf3 Rf8+
53. Ke4 Qxe3+ 54. Kd5 Rd8+ 55. Kc4 Rc6+ 56. Kb5 Qb6+ 57. Ka4 Ra8# {White
checkmated} 0-1

[Event "Team 45 45 League T70"]
[Site "Internet Chess Club"]
[Date "2016.10.30"]
[Round "8"]
[White "WzeroMN"]
[Black "stantheman59"]
[Result "1-0"]
[WhiteElo "1171"]
[BlackElo "1204"]
[Opening "Sicilian: Hungarian variation"]
[ECO "B27"]
[Time "16:05:04"]
[TimeControl "2700+45"]

1. e4 c5 2. Nf3 g6 3. d4 cxd4 4. Nxd4 Bg7 5. Nc3 d6 6. Bc4 Nf6 7. Qd3 e6 8. Be3
d5 9. Bb5+ Bd7 10. Bxd7+ Nfxd7 11. exd5 exd5 12. Nxd5 Qa5+ 13. Nc3 Nc5 14. Qb5+
Qxb5 15. Ncxb5 Nba6 16. Nd6+ Ke7 17. Nc4 Rad8 18. c3 Bxd4 19. O-O-O Bxe3+ 20.
Nxe3 Nd3+ 21. Kc2 Nxf2 22. Rxd8 Rxd8 23. Re1 Kf8 24. Nc4 b5 25. Ne5 Rd6 26. Re2
Nd1 27. Nd3 Rxd3 28. Kxd3 Nc5+ 29. Kc2 Nxb2 30. Kxb2 a5 31. a3 f5 32. Rd2 Kg7
33. Rd5 Na4+ 34. Kc2 Nb6 35. Rxb5 Nc4 36. Kd3 Nxa3 37. Rxa5 Nb1 38. c4 Kf6 39.
c5 Ke6 40. Kd4 Kd7 41. Ra6 Kc8 42. Kd5 Nc3+ 43. Kd6 Ne4+ 44. Kc6 Kb8 45. Rb6+
Kc8 46. Kb5 Nxc5 47. Kxc5 Kc7 48. Rf6 Kd8 49. Rf7 h6 50. Kd6 Ke8 51. Ke6 Kd8 52.
Kf6 Ke8 53. Kxg6 h5 54. Rxf5 h4 55. h3 Ke7 56. Rh5 Ke6 57. Rxh4 Ke5 58. Rg4 Ke6
59. h4 Ke5 60. h5 {Black resigns} 1-0

[Event "Team 45 45 League T70"]
[Site "Internet Chess Club"]
[Date "2016.10.29"]
[Round "8"]
[White "rubo"]
[Black "Mitochondria"]
[Result "1/2-1/2"]
[WhiteElo "1624"]
[BlackElo "1629"]
[Opening "Sicilian: closed"]
[ECO "B23"]
[Time "15:15:23"]
[TimeControl "2700+45"]

1. e4 c5 2. Nc3 d6 3. f4 Nc6 4. Nf3 Bg4 5. Bb5 Bd7 6. Bc4 Nf6 7. Ng5 e6 8. d3
Be7 9. f5 d5 10. fxe6 Bxe6 11. Nxe6 fxe6 12. exd5 Na5 13. Bb5+ Kf8 14. dxe6 a6
15. Bc4 Qd6 16. Qe2 Nxc4 17. dxc4 Qd4 18. Rf1 Ke8 19. Bg5 Qg4 20. Bxf6 Qxe2+ 21.
Kxe2 Bxf6 22. Nd5 Rc8 23. Nxf6+ gxf6 24. Rxf6 Ke7 25. Rf7+ Kxe6 26. Rxb7 h5 27.
Rb6+ Kd7 28. Rd1+ Kc7 29. Rxa6 Rce8+ 30. Kd2 Rhf8 31. Rg6 Rf2+ 32. Kc3 Ree2 33.
Rg7+ Kc6 34. Rg6+ Kc7 35. Rg7+ Kc6 36. Kd3 Rxc2 37. Rg6+ Kc7 38. Rg7+ Kc6 39.
Rb1 Rfd2+ 40. Ke3 Re2+ 41. Kd3 Red2+ 42. Ke3 Re2+ 43. Kd3 Red2+ 44. Ke3 Re2+ 45.
Kf3 Rf2+ 46. Ke3 Rfe2+ 47. Kd3 Red2+ 48. Ke3 Re2+ 49. Kd3 Red2+ 50. Ke3 {Game
drawn by repetition} 1/2-1/2

[Event "Team 45 45 League T70"]
[Site "Internet Chess Club"]
[Date "2016.10.28"]
[Round "8"]
[White "Zyme"]
[Black "nosir"]
[Result "1-0"]
[WhiteElo "1427"]
[BlackElo "1528"]
[Opening "QGD semi-Slav"]
[ECO "D43"]
[Time "21:00:17"]
[TimeControl "2700+45"]

1. d4 d5 2. c4 c6 3. Nc3 Nf6 4. Nf3 e6 5. Bg5 Be7 6. e3 O-O 7. Bd3 dxc4 8. Bxc4
b5 9. Bd3 Nbd7 10. O-O Bb7 11. Qc2 h6 12. Bxf6 Nxf6 13. Rac1 a6 14. Ne5 Rc8 15.
Rfd1 Bd6 16. Ne4 Nxe4 17. Bxe4 Bxe5 18. dxe5 Qe7 19. Rd6 c5 20. Rcd1 Bxe4 21.
Qxe4 Rfd8 22. h3 Rxd6 23. exd6 Qd7 24. Qf4 f6 25. e4 e5 26. Qe3 Rc6 27. Qd2 g5
28. Qd5+ Kf8 29. Qxc6 {Black resigns} 1-0

[Event "Team 45 45 League T70"]
[Site "Internet Chess Club"]
[Date "2016.10.27"]
[Round "8"]
[White "Kingofknights"]
[Black "BrerRabbit"]
[Result "1-0"]
[WhiteElo "1496"]
[BlackElo "1411"]
[Opening "Old Indian defense"]
[ECO "A42"]
[Time "19:00:47"]
[TimeControl "2700+45"]

1. d4 d6 2. c4 e5 3. e4 exd4 4. Qxd4 Nf6 5. Nf3 Be7 6. Nc3 O-O 7. Be2 Nc6 8. Qd1
Ne5 9. Bf4 Nxf3+ 10. Bxf3 Rb8 11. O-O Bd7 12. Re1 Bc6 13. Nd5 Nxd5 14. cxd5 Bb5
15. a4 Bd7 16. e5 dxe5 17. Bxe5 Bd6 18. Bc3 Qh4 19. g3 Qh6 20. Qd4 b6 21. Re4
Rbe8 22. Rh4 Bc5 23. Qd3 Qg5 24. Qxh7# {Black checkmated} 1-0